 Dungeon Crawl Stone Soup version 0.31-a0-174-g85c54bcb58 (webtiles) character file.

Game seed: 2217040303525955702

45 qw the Shooter (level 3, -3/22 HPs)
             Began as a Gargoyle Hunter on June 15, 2023.
             Slain by Terence
             ... wielding a +1 hand axe of pain
              (4 damage)
             ... on level 2 of the Dungeon.
             The game lasted 00:00:27 (1018 turns).

qw the Shooter (Gargoyle Hunter)                    Turns: 1018, Time: 00:00:27

Health: -3/22      AC:  9    Str: 14    XL:     3   Next: 64%
Magic:  3/3        EV: 10    Int:  9    God:
Gold:   145        SH:  0    Dex: 15    Spells: 2/2 levels left

rFire   . . .        Y - +0 shortbow
rCold   . . .        (shield currently unavailable)
rNeg    + . .        i - +0 ring mail
rPois   inf          (no helmet)
rElec   +            (no cloak)
rCorr   .            k - +0 pair of gloves
SInv    .            (no boots)
Will    .....        (no amulet)
Stlth   +            (no ring)
HPRegen 0.23/turn    (no ring)
MPRegen 0.08/turn

%: no passive effects
@: no status effects
A: sickness immunity, AC +3, negative energy resistance 1, electricity
resistance, torment resistance 1, petrification resistance
a: no special abilities


You were on level 2 of the Dungeon.
You visited 1 branch of the dungeon, and saw 2 of its levels.

You collected 145 gold pieces.


Innate Abilities, Weirdness & Mutations

You are immune to sickness and miasma.
Your stone body is resilient. (AC +3)
You are immune to poison.
You resist negative energy. (rN+)
You are resistant to electric shocks. (rElec)
You are resistant to unholy torment.
You are immune to petrification.


   Skills:
 + Level 2.5 Fighting
 - Level 5.0 Ranged Weapons
 - Level 1.0 Armour
 - Level 1.5 Dodging
 - Level 1.1 Stealth


You had 2 spell levels left.
You didn't know any spells.
Your spell library was empty.

Inventory:

Hand Weapons
 Y - a +0 shortbow (weapon)
Armour
 i - a +0 ring mail (worn)
 k - a +0 pair of gloves (worn)
Jewellery
 b - a ring of positive energy
Scrolls
 a - a scroll of identify
 f - a scroll of fog {unknown}
Potions
 c - a potion of degeneration {unknown}
 d - a potion of might
 e - a potion of attraction {unknown}

Dungeon Overview and Level Annotations

Branches:
Dungeon (2/15)

Altars:

Annotations:
D:2 Terence


Message History

The kobold hits you but does no damage.
Terence hits you with a +1 hand axe of pain.
The kobold hits you but does no damage.
Terence hits you with a +1 hand axe of pain.
You shoot an arrow. The arrow hits Terence.
Terence is severely wounded.
The kobold completely misses you. Terence hits you but does no damage.
You shoot an arrow.
The arrow hits Terence but does no damage.
Terence is severely wounded.
The kobold completely misses you. Terence closely misses you.
You shoot an arrow.
The arrow hits Terence but does no damage.
Terence is severely wounded.
The kobold hits you but does no damage. Terence hits you but does no damage.
You shoot an arrow. The arrow barely misses Terence.
The arrow hits the endoplasm.
The endoplasm is severely wounded.
The kobold hits you but does no damage. Terence barely misses you.
The kobold hits you with a +0 short sword.
Terence closely misses you.
You shoot an arrow.
The arrow hits Terence but does no damage.
Terence is severely wounded.
The kobold hits you with a +0 short sword.
Terence hits you but does no damage.
You shoot an arrow. The arrow hits Terence.
Terence is almost dead.
The kobold hits you but does no damage. Terence hits you but does no damage.
You shoot an arrow.
The arrow hits Terence but does no damage.
Terence is severely wounded.
The kobold hits you but does no damage. Terence closely misses you.
You shoot an arrow. The arrow barely misses Terence.
The arrow barely misses the endoplasm.
The kobold hits you but does no damage.
Terence hits you with a +1 hand axe of pain.
The kobold barely misses you.
Terence hits you with a +1 hand axe of pain.
You die...

#................#
#.......)........#
#######....).....#
##########.........)#
...............<....#
##########..#########
...............## .
##############..####....
.#..#...###..#..@@J.....
.##...###...)..#.K......
....###......#.#........
..###......#'#.#........
###......###.#.#######..
#......###.%.#.# .
.....###...###.#
...###...###.#.#
....##..##...#..


You could see Terence, an endoplasm and a kobold.

Vanquished Creatures
  A gnoll (D:1)
  A dart slug (D:2)
  An orc (D:2)
  4 ball pythons
  9 bats
  6 endoplasms
  A giant cockroach (D:1)
  3 hobgoblins (D:1)
  A quokka (D:1)
  A frilled lizard (D:2)
  3 kobolds
  2 rats
33 creatures vanquished.

Notes
Turn   | Place    | Note
-------+----------+-------------------------------------------
     0 | D:1      | qw the Gargoyle Hunter began the quest for the Orb.
     0 | D:1      | Reached XP level 1. HP: 12/12 MP: 1/1
     0 | D:1      | 0 ||| qw: Version: 0.2-a-29-g511e9b1
     0 | D:1      | 0 ||| qw: Game counter: 5388
     0 | D:1      | 0 ||| qw: Always use a shield: true
     0 | D:1      | 0 ||| qw: God list: Okawaru
     0 | D:1      | 0 ||| qw: Allow faded altars: false
     0 | D:1      | 0 ||| qw: Do Orc after D:15 true
     0 | D:1      | 0 ||| qw: Do second Lair branch before Depths: true
     0 | D:1      | 0 ||| qw: Lair rune preference: random
     0 | D:1      | 0 ||| qw: Plans: Normal, Zot:1-4, Slime:5, God:TSO, Crypt,
                  | Tomb, Abyss, Pan, Hells, Win
     0 | D:1      | 0 ||| PLANNING D:1-11
    62 | D:1      | Noticed a floating eye
    66 | D:1      | Noticed a shining eye
    69 | D:1      | Found a faded altar of an unknown god.
    74 | D:1      | Noticed a great orb of eyes
    90 | D:1      | Noticed a shining eye
   108 | D:1      | Reached XP level 2. HP: 17/17 MP: 2/2
   444 | D:1      | Reached skill level 5 in Ranged Weapons
   444 | D:1      | Reached XP level 3. HP: 21/21 MP: 3/3
   679 | D:1      | 679 ||| UPGRADING to +0 ring mail.
   689 | D:1      | 689 ||| DROPPING +0 leather armour.
   690 | D:1      | 690 ||| UPGRADING to +0 pair of gloves.
   695 | D:1      | 695 ||| READING scroll labelled KIJINE DETEO.
   696 | D:1      | 696 ||| READING scroll labelled INLIST YLU LUQ.
   697 | D:1      | 697 ||| READING scroll labelled JEOMNIJIJE.
   702 | D:1      | 702 ||| READING scroll labelled NAUT VEUME.
   703 | D:1      | 703 ||| READING scroll labelled QYIFIBR MIUSMA.
   704 | D:1      | 704 ||| DRINKING 2 purple potions.
   705 | D:1      | 705 ||| DRINKING 2 sedimented amethyst potions.
   706 | D:1      | 706 ||| DROPPING scroll of butterflies.
   707 | D:1      | 707 ||| DROPPING potion of invisibility.
   883 | D:2      | Reached skill level 1 in Armour
   999 | D:2      | Noticed Terence
  1014 | D:2      | HP: 5/22 [kobold/+0 short sword (3)]
  1018 | D:2      | HP: 1/22 [Terence/+1 hand axe of pain (3)]
  1018 | D:2      | Slain by Terence

Levels and vault maps discovered:
D:1:      dpeg_arrival_stonehenge_8_columns, layout_basic,
          hellmonk_ecumenical_altar_watching_god
D:2:      minmay_razor_zed, layout_basic, uniq_terence

Skill      XL: |  1  2  3 |
---------------+----------+-----
Ranged Weapons | 5 |  5.0
Armour         | 1 |  1.0
Fighting       | |  2.5
Dodging        | |  1.5
Stealth        | |  1.1

Action                     || total
---------------------------++-------
   Fire: Shortbow          ||   102
    Use: Scroll            ||     5
         Potion            ||     2
 Armour: Leather armour    ||     9
         Ring mail         ||    18
  Dodge: Dodged            ||    39

Table legend:
 A = Non-vault XP
 B = Vault XP
 C = Vault XP percentage of total XP
 D = Non-vault monster count
 E = Vault monster count
 F = Vault count percentage of total count
                 A         B        C        D         E       F
            +---------+---------+-------+---------+---------+-------
      Total |      58 |       7 |  10.8 |      29 |       4 |  12.1
            +---------+---------+-------+---------+---------+-------
        D:1 |      43 |       0 |   0.0 |      20 |       0 |   0.0
        D:2 |      15 |       7 |  31.8 |       9 |       4 |  30.8
            +---------+---------+-------+---------+---------+-------
